 Dungeon Crawl Stone Soup version 0.29-a0-666-g26d293caef (webtiles) character file.

Game seed: 6994002344571079080

26260 EnegeticOcto the Summoner (level 12, -1/77 HPs)
             Began as a Deep Elf Summoner on June 23, 2022.
             Was a Follower of Uskayaw.
             Slain by a torpor snail (11 damage)
             ... on level 6 of the Lair of Beasts.
             The game lasted 00:39:23 (14942 turns).

EnegeticOcto the Summoner (Deep Elf Summoner)      Turns: 14942, Time: 00:39:23

Health: -1/77      AC: 12    Str:  7    XL:     12   Next: 96%
Magic:  28/28      EV: 18    Int: 30    God:    Uskayaw [*.....]
Gold:   541        SH:  0    Dex: 15    Spells: 10/31 levels left

rFire   . . .      SeeInvis .   v - +6 trident (freeze)
rCold   . . .      Faith    .   (no shield)
rNeg    . . .      Spirit   .   s - +1 troll leather armour {Pargi}
rPois   .          Reflect  .   K - +2 hat
rElec   .          Harm     .   y - +0 cloak
rCorr   .          Rampage  .   (no gloves)
Will    +....                   H - +2 pair of boots
Stlth   ++........              I - amulet of magic regeneration
HPRegen 1.02/turn               q - +6 ring of intelligence
MPRegen 0.61/turn               R - +4 ring of evasion

@: silenced, slowed, very slow
A: no striking features
a: Renounce Religion


You were on level 6 of the Lair of Beasts.
You worshipped Uskayaw.
Uskayaw was noncommittal.
You visited 3 branches of the dungeon, and saw 17 of its levels.

You collected 881 gold pieces.
You spent 340 gold pieces at shops.

Inventory:

Hand Weapons
 n - a +1 short sword of flaming
   (You took it off Terence on level 2 of the Dungeon)
 v - a +6 trident of freezing (weapon)
   (You took it off Blork the orc on level 4 of the Dungeon)
 Q - a -1 demon whip of venom
   (You took it off Amaemon on level 1 of the Lair of Beasts)
Missiles
 k - 35 poisoned darts
 C - a throwing net {!f}
 X - 3 curare-tipped darts
Armour
 c - an orb of light
   (You found it on level 10 of the Dungeon)
 r - a +0 tower shield
   (You found it on level 3 of the Dungeon)
 s - a +1 troll leather armour (worn) {Pargi}
   (You found it on level 3 of the Dungeon)
 y - a +0 cloak (worn)
   (You bought it in a shop on level 5 of the Dungeon)
 z - a +0 helmet
   (You bought it in a shop on level 5 of the Dungeon)
 G - +0 steam dragon scales
   (You found it on level 7 of the Dungeon)
 H - a +2 pair of boots (worn)
   (You bought it in a shop on level 4 of the Dungeon)
 K - a +2 hat (worn)
   (You found it on level 9 of the Dungeon)
Jewellery
 f - a +6 ring of dexterity
   (You found it on level 8 of the Dungeon)
 q - a +6 ring of intelligence (left hand)
   (You found it on level 2 of the Dungeon)
 I - an amulet of magic regeneration (around neck)
   (You found it on level 8 of the Dungeon)
 J - a ring of poison resistance
   (You found it on level 5 of the Lair of Beasts)
 M - an amulet of the acrobat
   (You found it on level 10 of the Dungeon)
 R - a +4 ring of evasion (right hand)
   (You found it on level 1 of the Lair of Beasts)
 S - a ring of see invisible
   (You found it on level 2 of the Lair of Beasts)
Wands
 t - a wand of mindburst (16)
   (You took it off Ijyb on level 3 of the Dungeon)
 w - a wand of light (14)
   (You found it on level 4 of the Dungeon)
 A - a wand of flame (12) {@v4}
   (You found it on level 4 of the Lair of Beasts)
 L - a wand of paralysis (15)
   (You found it on level 10 of the Dungeon)
 N - a wand of iceblast (2) {@v2}
   (You found it on level 10 of the Dungeon)
 O - a wand of polymorph (9)
   (You found it on level 10 of the Dungeon)
 T - a wand of digging (9) {@v3}
   (You found it on level 2 of the Lair of Beasts)
Scrolls
 e - a scroll of torment
 g - 3 scrolls of fog {!r}
 j - 3 scrolls of teleportation {@r3 !r}
 l - 2 scrolls of poison
 E - a scroll of immolation
 F - 3 scrolls of vulnerability
 P - a scroll of blinking {@r4}
Potions
 a - 2 potions of ambrosia
 b - a potion of magic
 d - 3 potions of curing {@q1 !q}
 h - 3 potions of invisibility
 i - 3 potions of haste {@q4 !q}
 m - 2 potions of heal wounds {@q2 !q}
 o - 3 potions of attraction
 p - a potion of lignification {unknown}
 u - 4 potions of brilliance {unknown}
 x - 2 potions of flight {unknown}
 B - 2 potions of mutation {unknown}
 D - 3 potions of degeneration {unknown}
 V - 3 potions of might {unknown}


   Skills:
 - Level 10.0 Fighting
 - Level 4.0 Armour
 - Level 6.0 Dodging
 - Level 5.0 Stealth
 + Level 5.5 Shields
 - Level 10.0 Spellcasting
 - Level 3.0 Hexes
 - Level 13.0 Summonings
 - Level 4.0 Translocations
 - Level 4.0 Air Magic
 - Level 4.0 Invocations
 - Level 5.0 Evocations


You had 10 spell levels left.
You knew the following spells:

 Your Spells              Type           Power      Damage    Failure   Level
a - Call Imp              Summ           75%        N/A       1%          2
b - Summon Lightning Spi  Summ/Air       60%        N/A       1%          4
c - Call Canine Familiar  Summ           75%        N/A       1%          3
d - Summon Cactus Giant   Summ           37%        N/A       3%          6
e - Summon Small Mammal   Summ           100%       N/A       1%          1
f - Summon Guardian Gole  Hex/Summ       58%        N/A       1%          3
Y - Blink                 Tloc           78%        N/A       1%          2

Your spell library contained the following spells:

 Spells                   Type           Power      Damage    Failure   Level
 Gell's Gravitas          Tloc           39%        N/A       3%          3
 Lesser Beckoning         Tloc           39%        N/A       3%          3
 Teleport Other           Tloc           39%        N/A       3%          3
 Animate Armour           Summ/Erth      100%       N/A       3%          4
 Freeze                   Ice            60%        1d8       4%          1
 Scorch                   Fire           30%        2d7       8%          2
 Dazzling Flash           Conj/Hex       48%        N/A       9%          3
 Mephitic Cloud           Conj/Pois/Air  22%        N/A       9%          3
 Frozen Ramparts          Ice            30%        1d5       16%         3
 Ignite Poison            Fire/Tmut/Pois 15%        N/A       16%         3
 Stone Arrow              Conj/Erth      30%        3d8       16%         3
 Leda's Liquefaction      Hex/Erth       12%        N/A       26%         4
 Manifold Assault         Tloc           39%        N/A       26%         5
 Silence                  Hex/Air        18%        N/A       32%         5
 Flame Wave               Conj/Fire      15%        2d6       45%         4
 Hailstorm                Conj/Ice       15%        3d5       45%         4
 Freezing Cloud           Conj/Ice/Air   11%        6-21      63%         5
 Agony                    Necr           15%        N/A       80%         5
 Lee's Rapid Deconstruct  Erth           7%         3d8*      80%         5
 Statue Form              Tmut/Erth      10%        N/A       100%        6
 Storm Form               Tmut/Air       13%        N/A       100%        7
 Lehudib's Crystal Spear  Conj/Erth      7%         10d3      100%        8


Dungeon Overview and Level Annotations

Branches:
Dungeon (10/15) Zot: 26175  Temple (1/1) D:6 Zot: 5901    Lair (6/6) D:8 Zot: 26975
 Shoals (0/4) Lair:4       Spider (0/4) Lair:4        Slime (0/5) Lair:5
    Orc (0/2) D:10

Altars:
Ashenzari
Cheibriados
Dithmenos
Elyvilon
Fedhas
Gozag
Hepliaklqana
Kikubaaqudgha
Makhleb
Nemelex Xobeh
Okawaru
Qazlal
Ru
Sif Muna
Trog
Uskayaw
Vehumet
Wu Jian
Xom
Yredelemnul
The Shining One
Jiyva

Shops:
D:4 [   D:5 [   D:6 =

Annotations:
D:8 Maurice


Message History

You swap places.
You see here a +0 battleaxe.
You swap places.
There is a stone staircase leading down here.
A water moccasin comes into view.
A water moccasin is nearby!
A water moccasin is nearby!
A water moccasin is nearby!
Casting: Call Canine Familiar (safe; 1% risk of failure)
Confirm with . or Enter, or press ? or * to list all spells.
Your warg disappears in a puff of smoke!
Casting: Call Canine Familiar (safe; 1% risk of failure)
Confirm with . or Enter, or press ? or * to list all spells.
An electric hum fills the air.
The water moccasin hisses angrily.
The water moccasin bites your warg.
Your warg barely misses the water moccasin.
Your warg closely misses the water moccasin.
You closely miss the water moccasin.
The water moccasin bites you but does no damage.
Your warg bites the water moccasin!
The water moccasin bites you.
You are poisoned.
The water moccasin poisons you!
You hit the water moccasin. You freeze the water moccasin.
The water moccasin is severely wounded.
You feel very sick.
Your warg bites the water moccasin!
The water moccasin dies!
No target in view!
You feel very sick.
You feel sick.
You feel sick.
You feel sick.
You feel sick.
You feel sick.
You feel sick.
You feel sick.
You feel sick.
You are no longer poisoned.
Your lightning spire disappears in a puff of smoke!
Found a stone staircase leading down.
You swap places.
You swap places.
Done exploring.
Done exploring.
Done exploring.
Okay, then.
(D) Dungeon (T) Temple (L) Lair (A) Shoals (N) Spider Nest (M) Slime Pits (O) Orcish Mines
Where to? (Enter - Lair:5, ? - help)
You swap places.
There is a stone staircase leading down here.
You climb downwards.
Your summoned ally is left behind.
The elephant trumpets!
You hear a bleat!
You hear a trumpeting!
The water moccasin hisses angrily.
Found a stone staircase leading up.
There is a stone staircase leading up here.
There are monsters nearby!
You climb upwards.
Your warg disappears in a puff of smoke!
There is a stone staircase leading down here.
You can't go up here!
You open the door.
There is an open door here.
There is an open door here.
There is a stone staircase leading down here.
You climb downwards.
The dream sheep bleats!
The cane toad croaks.
The dream sheep bleats!
The water moccasin hisses angrily.
You hear an angry hiss.
The torpor snail barely misses you.
Being near the torpor snail leaves you feeling lethargic.
Found 25 gold pieces, a scroll of fog and a potion of heal wounds.
Found an escape hatch in the ceiling.
There is a stone staircase leading up here.
Okay, then.
As you read the scroll labelled FAMASH EMAN, it crumbles to dust.
Wisps of shadow whirl around you...
It was a scroll of summoning.
A water moccasin comes into view.
The dream sheep closely misses you. The dream sheep completely misses you.
The cane toad barely misses you. The torpor snail barely misses you.
The dream sheep closely misses you. x2; The dream sheep bites you!
As you read the scroll labelled TIT MUTUBBUUSS, it crumbles to dust.
A profound silence engulfs you.
It was a scroll of silence.
The cane toad misses you. The komodo dragon bites you!
The dream sheep shake their wool and sparkle.
You feel drowsy...
You fall asleep.
The dream sheep bites you!!
You wake up.
The dream sheep completely misses you. The torpor snail bites you.
Your yak gores the dream sheep!
The cane toad completely misses you. The komodo dragon bites you!!
* * * LOW HITPOINT WARNING * * *
Your yak gores the torpor snail.
Magic scrolls do not work when you're silenced!
Unknown command.
Really quaff
m - 3 potions of heal wounds {@q2 !q}?
You feel much better. The dream sheep barely misses you.
The dream sheep bites you! The dream sheep bites your yak!
The cane toad closely misses you. The komodo dragon bites you!
* * * LOW HITPOINT WARNING * * *
The torpor snail bites you!
You die...

.##.##... ##.
.##.....#.##..#
...............
...............
...............
....YYY.YY.....
......w.Y...?..
.....lY@FS.....
......lYY......
......S...!....
.<....#...#..#.
.......#### #.#
....... # .....
. ......P


You could see a torpor snail (ally target), a komodo dragon, a cane toad, 2
water moccasins, 3 dream sheep, a friendly komodo dragon (summoned, slow) and 6
friendly yaks.

Vanquished Creatures
  A black mamba (Lair:2)
  3 cane toads
  A komodo dragon (Lair:4)
  A blink frog (Lair:4)
  A jumping spider (Lair:4)
  A basilisk (Lair:1)
  A yak (D:10)
  2 water moccasins
  A nameless horror (Lair:2)
  An ice beast (D:5)
  3 wolves (Lair:4)
  3 centaurs (Lair:4)
  4 bullfrogs
  3 killer bees
  2 electric eels
  2 hounds
  An orc wizard (D:10)
  2 gnolls
  2 adders (D:5)
  A worm (D:5)
  A dart slug (D:4)
  3 orcs
  2 endoplasms
  A giant cockroach (D:4)
  A goblin (D:2)
  2 hobgoblins (D:1)
  2 kobolds (D:9)
  A quokka (D:2)
  3 bats (D:1)
  2 frilled lizards
  6 rats
60 creatures vanquished.

Vanquished Creatures (collateral kills)
  A hydra (Lair:3)
  3 two-headed ogres
  6 death yaks
  Amaemon (Lair:1)
  An oklob plant (Lair:2)
  A manticore (D:9)
  6 black mambas
  5 cane toads
  An orange demon (Lair:1)
  A kobold demonologist (D:9)
  4 komodo dragons
  2 rime drakes (Lair:3)
  A hornet (D:9)
  A troll (D:9)
  2 blink frogs (Lair:4)
  A jumping spider (Lair:4)
  A culicivora (Lair:4)
  Sigmund (D:3)
  A spriggan (D:9)
  A wraith (D:10)
  10 yaks
  Eustachio (D:4)
  A basilisk (Lair:3)
  A redback (Lair:4)
  3 steam dragons
  A warg (D:10)
  An acid dragon (D:10)
  7 water moccasins
  Pargi (D:3)
  3 orc warriors
  An ice beast (D:7)
  A sky beast (D:8)
  4 centaurs
  5 wolves
  4 kobold brigands
  Blork the orc (D:4)
  5 bullfrogs
  2 gnoll sergeants
  4 scorpions
  12 wights
  Dowan (D:4)
  19 killer bees
  2 howler monkeys
  3 electric eels
  A lava snake (Lair:5)
  2 jellies
  7 orc priests
  A gnoll shaman (D:7)
  2 iguanas
  Ijyb (D:3)
  Terence (D:2)
  Natasha (D:3)
  7 orc wizards
  22 gnolls
  2 adders
  A white imp (D:6)
  An ufetubus (D:6)
  2 worms
  23 orcs
  4 endoplasms
  3 giant cockroaches
  4 goblins
  4 hobgoblins
  3 jackals (D:1)
  25 kobolds
  2 quokkas
  5 ball pythons
  4 bats
  A frilled lizard (D:3)
  21 rats
284 creatures vanquished.

Vanquished Creatures (others)
  A death yak (Lair:5)
  Duvessa (D:4)
  A black bear (D:6)
  A killer bee (D:7)
  A gnoll shaman (D:5)
  14 fungi
  37 plants
56 creatures vanquished.

Grand Total: 400 creatures vanquished

Notes
Turn   | Place    | Note
-------+----------+-------------------------------------------
     0 | D:1      | EnegeticOcto the Deep Elf Summoner began the quest for the
                  | Orb.
     0 | D:1      | Reached XP level 1. HP: 10/10 MP: 6/6
    57 | D:1      | Reached skill level 3 in Stealth
    62 | D:1      | Reached XP level 2. HP: 13/15 MP: 8/8
   345 | D:1      | Reached skill level 5 in Summonings
   388 | D:1      | Learned a level 2 spell: Call Imp
   933 | D:2      | Reached skill level 1 in Fighting
   943 | D:2      | Reached XP level 3. HP: 19/20 MP: 6/9
  1658 | D:2      | Noticed Terence
  1693 | D:2      | Killed Terence
  1694 | D:2      | Reached skill level 2 in Fighting
  1694 | D:2      | Reached XP level 4. HP: 26/26 MP: 3/10
  1823 | D:2      | Learned a level 3 spell: Call Canine Familiar
  2266 | D:3      | Noticed Sigmund
  2276 | D:3      | Killed Sigmund
  2277 | D:3      | Reached skill level 7 in Summonings
  2277 | D:3      | Reached XP level 5. HP: 13/30 MP: 4/12
  2483 | D:3      | Reached XP level 6. HP: 32/35 MP: 9/13
  2564 | D:3      | Learned a level 3 spell: Summon Guardian Golem
  2675 | D:3      | Reached skill level 4 in Spellcasting
  2675 | D:3      | Reached skill level 1 in Hexes
  2680 | D:3      | Noticed Pargi
  2691 | D:3      | Killed Pargi
  2692 | D:3      | Reached skill level 2 in Hexes
  2799 | D:3      | Found a faded altar of an unknown god.
  2845 | D:3      | Noticed Ijyb
  2858 | D:3      | Noticed Natasha
  2865 | D:3      | Killed Natasha
  2866 | D:3      | Reached skill level 5 in Spellcasting
  3000 | D:3      | Killed Ijyb
  3001 | D:3      | Reached skill level 3 in Hexes
  3414 | D:4      | Reached XP level 7. HP: 40/40 MP: 10/17
  3475 | D:4      | Reached skill level 6 in Spellcasting
  3531 | D:4      | Found Wecruila's Armour Shop.
  3567 | D:4      | Noticed Eustachio
  3706 | D:4      | Killed Eustachio
  3707 | D:4      | Reached skill level 7 in Spellcasting
  3716 | D:4      | Learned a level 4 spell: Summon Lightning Spire
  3828 | D:4      | Noticed Blork the orc
  3835 | D:4      | Killed Blork the orc
  3868 | D:4      | Reached skill level 4 in Stealth
  3868 | D:4      | Reached skill level 1 in Air Magic
  4101 | D:4      | Noticed Dowan
  4108 | D:4      | Noticed Duvessa
  4111 | D:4      | Killed Dowan
  4120 | D:4      | Killed Duvessa
  4121 | D:4      | Reached skill level 3 in Fighting
  4121 | D:4      | Reached skill level 2 in Air Magic
  4121 | D:4      | Reached XP level 8. HP: 46/46 MP: 13/20
  4520 | D:5      | Entered Level 5 of the Dungeon
  4673 | D:5      | Reached skill level 5 in Stealth
  4869 | D:5      | Found Damurr's Armour Boutique.
  4889 | D:5      | Bought a +0 cloak for 63 gold pieces
  4889 | D:5      | Bought a +0 helmet for 63 gold pieces
  5069 | D:5      | Reached skill level 3 in Air Magic
  5232 | D:5      | Learned a level 6 spell: Summon Cactus Giant
  5618 | D:6      | Reached skill level 4 in Fighting
  5750 | D:6      | Found Tiug's Jewellery Emporium.
  5757 | D:6      | Reached skill level 4 in Air Magic
  5849 | D:6      | Found a staircase to the Ecumenical Temple.
  5866 | Temple   | Entered the Ecumenical Temple
  5949 | Temple   | Became a worshipper of Uskayaw the Reveller
  6105 | D:6      | Reached * piety under Uskayaw
  6129 | D:6      | Reached skill level 8 in Summonings
  6452 | D:6      | Reached skill level 9 in Summonings
  6540 | D:6      | Reached ** piety under Uskayaw
  6543 | D:6      | Reached XP level 9. HP: 52/52 MP: 21/21
  6727 | D:7      | Reached skill level 1 in Invocations
  6844 | D:7      | Reached skill level 2 in Invocations
  7086 | D:7      | Reached skill level 3 in Invocations
  7284 | D:7      | Reached skill level 10 in Summonings
  7290 | D:7      | Reached skill level 4 in Invocations
  7896 | D:8      | Found a staircase to the Lair.
  7950 | D:8      | Reached skill level 11 in Summonings
  7966 | D:8      | HP: 2/52 [bullfrog (2)]
  8244 | D:8      | Reached skill level 12 in Summonings
  8250 | D:8      | Reached XP level 10. HP: 56/56 MP: 15/22
  8336 | D:8      | Reached skill level 1 in Armour
  8336 | D:8      | Reached skill level 3 in Dodging
  8446 | D:4      | Bought a +2 pair of boots for 214 gold pieces
  8626 | D:8      | Noticed Maurice
  8645 | D:8      | Noticed a two-headed ogre
  8653 | D:8      | Killed a two-headed ogre
  8654 | D:8      | Reached skill level 4 in Dodging
  8699 | D:8      | Found a broken altar of Ashenzari.
  9074 | D:9      | Found a basalt altar of Yredelemnul.
  9088 | D:9      | Reached skill level 2 in Armour
  9174 | D:9      | Noticed a two-headed ogre
  9195 | D:9      | Killed a two-headed ogre
  9196 | D:9      | Reached skill level 5 in Fighting
  9196 | D:9      | Reached skill level 5 in Dodging
  9215 | D:9      | Noticed a manticore
  9226 | D:9      | Killed a manticore
  9227 | D:9      | Reached skill level 3 in Armour
  9289 | D:9      | Noticed a two-headed ogre
  9300 | D:9      | Killed a two-headed ogre
  9301 | D:9      | Reached skill level 6 in Dodging
  9304 | D:9      | Reached skill level 4 in Armour
  9354 | D:9      | Reached skill level 6 in Fighting
  9621 | D:9      | Learned a level 2 spell: Blink
  9875 | D:9      | Reached skill level 1 in Translocations
 10076 | D:10     | Entered Level 10 of the Dungeon
 10150 | D:10     | Reached XP level 11. HP: 66/66 MP: 14/23
 10183 | D:10     | Reached skill level 2 in Translocations
 10208 | D:10     | Found a staircase to the Orcish Mines.
 10390 | D:10     | Reached skill level 3 in Translocations
 10396 | D:10     | Reached skill level 7 in Fighting
 10400 | D:10     | Reached *** piety under Uskayaw
 10401 | D:10     | Reached skill level 4 in Translocations
 10554 | D:10     | Reached skill level 1 in Shields
 10878 | Lair:1   | Entered Level 1 of the Lair of Beasts
 11037 | Lair:1   | Noticed Amaemon
 11047 | Lair:1   | Killed Amaemon
 11048 | Lair:1   | Reached skill level 2 in Shields
 11069 | Lair:1   | Reached skill level 8 in Spellcasting
 11710 | Lair:2   | Noticed an oklob plant
 11738 | Lair:2   | Reached skill level 3 in Shields
 11829 | Lair:2   | Reached skill level 9 in Spellcasting
 11875 | Lair:2   | Noticed a death yak
 11878 | Lair:2   | Noticed a death yak
 11879 | Lair:2   | Noticed a death yak
 12195 | Lair:2   | Found a shimmering altar of Xom.
 12259 | Lair:2   | Killed a death yak
 12260 | Lair:2   | Reached skill level 4 in Shields
 12269 | Lair:2   | Killed a death yak
 12270 | Lair:2   | Reached skill level 10 in Spellcasting
 12276 | Lair:2   | Killed a death yak
 12277 | Lair:2   | Reached skill level 5 in Shields
 12277 | Lair:2   | Reached skill level 1 in Evocations
 12328 | Lair:2   | Killed an oklob plant
 12329 | Lair:2   | Reached skill level 2 in Evocations
 12439 | Lair:3   | Reached skill level 3 in Evocations
 12439 | Lair:3   | Reached XP level 12. HP: 72/72 MP: 20/28
 12626 | Lair:3   | Reached skill level 4 in Evocations
 12632 | Lair:3   | Noticed an eight-headed hydra
 12637 | Lair:3   | Killed an eight-headed hydra
 12821 | Lair:3   | Reached skill level 5 in Evocations
 12824 | Lair:3   | Reached skill level 13 in Summonings
 13299 | Lair:4   | Reached skill level 8 in Fighting
 13463 | Lair:4   | Found a staircase to the Shoals.
 13595 | Lair:4   | Reached skill level 9 in Fighting
 13942 | Lair:4   | Found a hole to the Spider Nest.
 14397 | Lair:5   | Noticed a death yak
 14398 | Lair:5   | Noticed a death yak
 14402 | Lair:5   | Noticed a death yak
 14402 | Lair:5   | Noticed a death yak
 14414 | Lair:5   | Killed a death yak
 14422 | Lair:5   | Killed a death yak
 14424 | Lair:5   | Killed a death yak
 14425 | Lair:5   | Reached skill level 10 in Fighting
 14430 | Lair:5   | Killed a death yak
 14650 | Lair:5   | Found a viscous altar of Jiyva.
 14651 | Lair:5   | Found a staircase to the Slime Pits.
 14920 | Lair:6   | Entered Level 6 of the Lair of Beasts
 14942 | Lair:6   | Slain by a torpor snail

Illustrated notes

Levels and vault maps discovered:
D:1:      dpeg_arrival_brainrot, layout_basic, minmay_pentomino_v2
D:2:      layout_basic, minmay_rat_hole, uniq_terence
D:3:      layout_loops_ring, hellmonk_ecumenical_altar_run_dry, uniq_ijyb,
          uniq_sigmund, uniq_pargi, uniq_natasha
D:4:      layout_basic, serial_shops, nicolae_take_the_stairs, uniq_duvessa,
          uniq_eustachio, uniq_blork_the_orc
D:5:      layout_loops_corners, nicolae_stop_n_shop_2, kennysheep_another_room
D:6:      layout_loops_cross, minmay_temple_entry_sparse_star,
          minmay_shop_enchanted_jewellery, kennysheep_boxes
D:7:      layout_basic
D:8:      layout_cave_pools, zin_angel, nicolae_ashenzari_panopticon,
          lair_entry_dummy, uniq_maurice
D:9:      layout_loops_ring, mainiacjoe_overflow_boulevard, the_hattery
D:10:     layout_cave_pools, erik_orc_4, minivault_14, minmay_door_square,
          eino_jars
Temple:   compressed_dpeg_triangle_lava_temple
Lair:1:   layout_cave_pods, infiniplex_staircase_pool, uniq_amaemon
Lair:2:   layout_loops_ring, lemuel_oklob_altar
Lair:3:   layout_gridlike, serial_bayou_shore_a
Lair:4:   layout_gridlike, minmay_shoals_entry_centaurs,
          spider_nest_entry_funnel_web, wad_woods_03, serial_bayou_shore_b
Lair:5:   layout_gridlike, slime_entry_1, grunt_megastairs_1
Lair:6:   grunt_lair_end_beastmaster, layout_big_grid, grunt_megastairs_3

Skill      XL: |  1  2  3  4  5  6  7  8  9 10 11 12 |
---------------+-------------------------------------+-----
Stealth        | 3 4 5 |  5.0
Summonings     | 5 7 9 12 13 | 13.0
Fighting       | 1 2 3 4 6 7 10 | 10.0
Spellcasting   | 5 7 10 | 10.0
Hexes          | 3 |  3.0
Air Magic      | 2 4 |  4.0
Invocations    | 4 |  4.0
Armour         | 4 |  4.0
Dodging        | 6 |  6.0
Translocations | 1 4 |  4.0
Shields        | 5 |  5.5
Evocations     | 3 5 |  5.0

Action                   |  1- 3 |  4- 6 |  7- 9 | 10-12 || total
-------------------------+-------+-------+-------+-------++-------
Melee: Spear             |    58 |    24 |       |       ||    82
       Punch             |     1 |       |       |       ||     1
       Trident           |       |       |    53 |   161 ||   214
 Cast: Summon Small Mamm |    31 |    13 |    13 |       ||    57
       Call Imp          |     5 |     4 |     5 |     2 ||    16
       Call Canine Famil |       |    10 |    39 |    58 ||   107
       Summon Guardian G |       |       |     7 |     4 ||    11
       Summon Lightning  |       |       |    13 |    76 ||    89
       Summon Cactus Gia |       |       |       |    21 ||    21
       Blink             |       |       |       |     3 ||     3
Invok: Stomp             |       |       |     1 |    10 ||    11
Evoke: Wand              |       |       |     1 |     7 ||     8
  Use: Potion            |       |     1 |     3 |     2 ||     6
       Scroll            |       |     1 |     6 |    13 ||    20
 Stab: Sleeping          |     4 |       |     4 |       ||     8
       Distracted        |       |     1 |       |     2 ||     3
Armor: Robe              |    11 |     5 |       |       ||    16
       Troll leather arm |       |       |    25 |    81 ||   106
Dodge: Dodged            |    34 |     6 |    53 |   250 ||   343

Table legend: (Time is in decaauts)
 A = Elapsed time spent in this place.
 B = Non-inter-level travel time spent in this place.
 C = Inter-level travel time spent in this place.
 D = Time resting spent in this place.
 E = Time spent auto-exploring this place.
 F = Levels seen in this place.
 G = Mean time per level.
                   A        B        C        D        E       F      G
               +--------+--------+--------+--------+--------+-----+--------+
         Total |  15029 |  14416 |    613 |   1663 |   9736 |  17 |  884.1 |
       Dungeon |  10815 |  10306 |    509 |   1432 |   6780 |  10 | 1081.5 |
        Temple |     98 |     84 |     14 |      0 |      0 |   1 |   98.0 |
          Lair |   4115 |   4025 |     90 |    231 |   2956 |   6 |  685.8 |
               +--------+--------+--------+--------+--------+-----+--------+

Top non-repeatable levels by time:
     D:2: 1361 daAuts
     D:7: 1314 daAuts
     D:4: 1218 daAuts
     D:6: 1124 daAuts
     D:3: 1121 daAuts
     D:9: 1081 daAuts
     D:5: 996 daAuts
  Lair:4: 982 daAuts
     D:1: 921 daAuts
     D:8: 896 daAuts
  Lair:2: 813 daAuts
  Lair:5: 780 daAuts
  Lair:3: 780 daAuts
    D:10: 778 daAuts
  Lair:1: 753 daAuts
